 Dungeon Crawl Stone Soup version 0.28.0-47-ge53b351184 (webtiles) character file.

Game seed: 1064001033216326888

393 Kangaroobicon the Chopper (level 6, -5/51 HPs)
             Began as a Palentonga Fighter on Apr 25, 2022.
             Killed from afar by Sigmund (7 damage)
             ... with a puff of flame
             ... on level 3 of the Dungeon.
             The game lasted 00:16:55 (2373 turns).

Kangaroobicon the Chopper (Palentonga Fighter)      Turns: 2373, Time: 00:16:56

Health: -5/51      AC:  7    Str: 19    XL:     6   Next: 51%
Magic:  6/6        EV:  7    Int: 14    God:
Gold:   45         SH:  4    Dex: 12    Spells: 5/5 levels left

rFire   . . .      SeeInvis +   a - +0 war axe
rCold   . . .      Faith    .   c - +0 buckler
rNeg    . . .      Spirit   .   b - +0 scale mail
rPois   .          Reflect  .   (no helmet)
rElec   .          Harm     .   (no cloak)
rCorr   .          Rampage  .   (no gloves)
Will    .....                   (no barding)
Stlth   ..........              (no amulet)
HPRegen 0.17/turn               k - +6 ring of intelligence
MPRegen 0.10/turn               (no ring)

@: no status effects
A: large, rugged brown scales 3, see invisible, deformed body, roll 1, armoured
tail
a: Rolling Charge


You were on level 3 of the Dungeon.
You visited 1 branch of the dungeon, and saw 3 of its levels.

You collected 100 gold pieces.
You spent 55 gold pieces at shops.

Inventory:

Hand Weapons
 a - a +0 war axe (weapon)
 h - a +2 vorpal spear
Armour
 b - a +0 scale mail (worn)
 c - a +0 buckler (worn)
Jewellery
 k - a +6 ring of intelligence (left hand)
Wands
 p - a wand of digging (12)
Scrolls
 e - a scroll of fog {unknown}
 g - a scroll of amnesia {unknown}
 i - a scroll of silence {unknown}
 m - a scroll of identify {unknown}
 n - a scroll of teleportation {unknown}
Potions
 d - a potion of cancellation {unknown}
 f - a potion of degeneration {unknown}
 j - a potion of ambrosia {unknown}
 l - a potion of resistance {unknown}
 o - a potion of might


   Skills:
 + Level 3.8 Fighting
 + Level 4.9 Axes
 + Level 3.8 Armour
 + Level 1.1 Dodging
 + Level 2.7 Shields


You had 5 spell levels left.
You didn't know any spells.
Your spell library was empty.

Dungeon Overview and Level Annotations

Branches:
Dungeon (3/15)

Altars:
Ru
Wu Jian
The Shining One

Shops:
D:2 !

Annotations:
D:3 Sigmund


Innate Abilities, Weirdness & Mutations

You are completely covered in rugged brown scales. (AC +3, +7% HP)
You have supernaturally acute eyesight. (SInv)
Armour fits poorly on your strangely shaped body.
You can roll at nearby foes to attack.
You have a long armoured tail.


Message History

You slash Sigmund!
Sigmund is severely wounded.
Sigmund casts a spell at you.
You are confused.
Sigmund gestures at you while chanting. The magic dart hits you.
You bump into the rock wall.
Sigmund gestures at you while chanting. The puff of flame hits you.
Sigmund hits you from afar with a +0 scythe!
* * * LOW HITPOINT WARNING * * *
You're too confused to move!
You feel less confused. You block Sigmund's attack.
A hobgoblin comes into view.
Sigmund gestures at you while chanting.
You are confused.
Sigmund gestures at you while chanting. The puff of flame hits you!
* * * LOW HITPOINT WARNING * * *
Sigmund barely misses you.
You're too confused to move!
You miss Sigmund.
Your tail-slap misses Sigmund.
Sigmund is severely wounded.
Sigmund says, "Don't worry, I'll kill you fast."
Sigmund hits you with a +0 scythe.
* * * LOW HITPOINT WARNING * * *
You barely miss Sigmund.
Your tail-slap misses Sigmund.
Sigmund is severely wounded.
You feel less confused. Sigmund closely misses you.
You hit Sigmund but do no damage.
Sigmund is severely wounded.
Sigmund hits you with a +0 scythe.
* * * LOW HITPOINT WARNING * * *
You barely miss Sigmund.
Sigmund is severely wounded.
Sigmund gestures at you while chanting. The puff of flame hits you!
You die...

..........#..#..#..#g###..#
##..[.....#...#........#..#
#........# .......#...#..#
#........# .#....#...#).#
#........#<..##...###.####
#........#... #.......#
#######.#.#.#.##g#.######
........#.#....@....#...
#########.####.#@..##.##
#.# #.......... #.#
#..#...#.## #.# #.(....# ..
#.# #......# ## #
#.####.#.#..# #_##
#......#.#.#####8...8
########......##..... ##
####.#.##.#_.....


You could see Sigmund (invisible) and a hobgoblin.

Vanquished Creatures
  Grinder (D:3)
  A hound (D:2)
  Jessica (D:2)
  Ijyb (D:3)
  4 adders
  3 worms
  5 dart slugs
  An orc (D:3)
  9 endoplasms
  A giant cockroach (D:2)
  2 goblins (D:2)
  3 hobgoblins
  4 jackals (D:2)
  6 kobolds
  2 quokkas
  A ball python (D:2)
  7 bats
  5 frilled lizards
  6 rats
63 creatures vanquished.

Vanquished Creatures (others)
  9 plants (D:2)
9 creatures vanquished.

Grand Total: 72 creatures vanquished

Notes
Turn   | Place    | Note
-------+----------+-------------------------------------------
     0 | D:1      | Kangaroobicon the Palentonga Fighter began the quest for
                  | the Orb.
     0 | D:1      | Reached XP level 1. HP: 19/19 MP: 1/1
   228 | D:1      | Reached XP level 2. HP: 25/25 MP: 2/2
   748 | D:2      | Reached XP level 3. HP: 23/31 MP: 3/3
   898 | D:2      | Reached skill level 3 in Axes
  1237 | D:2      | Noticed Jessica
  1356 | D:2      | Killed Jessica
  1357 | D:2      | Reached XP level 4. HP: 28/37 MP: 4/4
  1537 | D:2      | Found Kelos's Distillery.
  1556 | D:2      | Bought a potion of heal wounds for 55 gold pieces
  1772 | D:3      | Reached XP level 5. HP: 43/43 MP: 5/5
  1798 | D:3      | Reached skill level 4 in Axes
  1870 | D:3      | Found a glowing golden altar of the Shining One.
  1870 | D:3      | Found an ornate altar of the Wu Jian Council.
  1872 | D:3      | Found a sacrificial altar of Ru.
  1923 | D:3      | Noticed Grinder
  1934 | D:3      | Killed Grinder
  1935 | D:3      | Reached skill level 1 in Dodging
  1935 | D:3      | Reached XP level 6. HP: 29/51 MP: 6/6
  2254 | D:3      | Noticed Ijyb
  2265 | D:3      | Killed Ijyb
  2344 | D:3      | Noticed Sigmund
  2372 | D:3      | HP: 2/51 [Sigmund/+0 scythe (3)]
  2373 | D:3      | Killed from afar by Sigmund

Illustrated notes

Levels and vault maps discovered:
D:1:      lightli_arrival_maybe_door_vault, layout_basic
D:2:      layout_basic, serial_shops, nicolae_shop_behind_doors,
          serial_bayou_ford_a, ebering_dispersal_statue_hall, st_stairs_12,
          minmay_bisected, uniq_jessica
D:3:      layout_basic, nicolae_overflow_hidden_temple, uniq_grinder,
          uniq_sigmund, uniq_ijyb

Skill      XL: |  1  2  3  4  5 |
---------------+----------------+-----
Armour         | 3 |  3.8
Axes           | 3 4 |  4.9
Dodging        | 1 |  1.1
Fighting       | |  3.8
Shields        | |  2.7

Action                   |  1- 3 |  4- 6 || total
-------------------------+-------+-------++-------
Melee: War axe           |    90 |    71 ||   161
       Tailslap          |    10 |     5 ||    15
  Use: Potion            |     1 |     1 ||     2
Armor: Scale mail        |    59 |    29 ||    88
Dodge: Dodged            |    30 |    29 ||    59
Block: Buckler           |    20 |    12 ||    32
